 Dungeon Crawl Stone Soup version 0.28.0-49-g6dfe1f597d (webtiles) character file.

Game seed: 4102428022169139737

21 Exodus22XD the Covered (level 2, 27/27 HPs)
             Began as a Minotaur Fighter on May 19, 2022.
             Was a Follower of Qazlal.
             Quit the game on level 1 of the Dungeon.
             The game lasted 00:01:30 (528 turns).

Exodus22XD the Covered (Minotaur Fighter)            Turns: 528, Time: 00:01:31

Health: 27/27      AC:  7    Str: 20    XL:     2   Next: 65%
Magic:  1/1        EV:  9    Int:  5    God:    Qazlal [*.....]
Gold:   44         SH:  6    Dex:  9    Spells: 1/1 levels left

rFire   . . .      SeeInvis .   a - +0 war axe
rCold   . . .      Faith    .   c - +0 buckler
rNeg    . . .      Spirit   .   b - +0 scale mail
rPois   .          Reflect  .   (helmet restricted)
rElec   .          Harm     .   (no cloak)
rCorr   .          Rampage  .   (no gloves)
Will    .....                   (no boots)
Stlth   ..........              (no amulet)
HPRegen 0.09/turn               (no ring)
MPRegen 0.07/turn               (no ring)

@: no status effects
A: horns 2, retaliatory headbutt
a: Renounce Religion


You were on level 1 of the Dungeon.
You worshipped Qazlal.
Qazlal was aware of your devotion.
You visited 1 branch of the dungeon, and saw 1 of its levels.

You collected 44 gold pieces.

Inventory:

Hand Weapons
 a - a +0 war axe (weapon)
Armour
 b - a +0 scale mail (worn)
 c - a +0 buckler (worn)
Scrolls
 f - a scroll of identify {unknown}
 g - a scroll of blinking {unknown}
Potions
 d - a potion of might
 e - 2 potions of haste {unknown}


   Skills:
 + Level 4.0 Fighting
 + Level 2.7 Axes
 + Level 4.0 Armour
 + Level 4.0 Shields


You had one spell level left.
You didn't know any spells.
Your spell library was empty.

Dungeon Overview and Level Annotations

Branches:
Dungeon (1/15)

Altars:
Qazlal

Shops:
D:1 [:(


Innate Abilities, Weirdness & Mutations

You have a pair of horns on your head.
You reflexively headbutt those who attack you in melee.


Message History

Your Fighting skill increases to level 4!
No target in view!
f - a scroll labelled GOENUY LIUSIBBOICH No target in view!
Key pressed, stopping explore.
No target in view!
e - 2 ruby potions (gained 1)
g - a scroll labelled YDOSHRO ARUHE You open the door.
A hobgoblin comes into view.
The hobgoblin shouts!
A hobgoblin is nearby!
There is an open door here.
The hobgoblin hits you but does no damage.
You hit the hobgoblin. Your headbutt misses the hobgoblin.
The hobgoblin is moderately wounded.
You block the hobgoblin's attack.
You barely miss the hobgoblin. Your headbutt misses the hobgoblin.
The hobgoblin is moderately wounded.
The hobgoblin barely misses you. The hobgoblin misses you.
You furiously retaliate!
You headbutt the hobgoblin!
You kill the hobgoblin!
No target in view!
As you open the door, it creaks loudly!
Found a faded altar of an unknown god.
No target in view!
No target in view!
There is an open door here.
Found 23 stones.
No target in view!
No target in view!
There is an open door here.
There is an open door here.
There is a faded altar of an unknown god here.
You cannot tell which god this altar belongs to.
Convert to them anyway?
Qazlal accepts your prayer! Qazlal welcomes you!
Qazlal grants you and your divine allies immunity to clouds.
You are now surrounded by a storm.
Are you sure you want to abandon this character and quit the game? (Confirm with "yes".)

..# ##.### ....
#...#### +#+#
###....##### .##
##........
####..#####.#########
.#.#........#.......#
'#†#...####.#.......#
......## #.#..♣♣♣..#
...#...####.'..♣@♣..#
##...#...##.#..♣'♣..#
.........##.#.......#
.........##.#.......#
............#########
.....................
..............#.####
..........##....##
..........###.#..##


There were no monsters in sight!

Vanquished Creatures
  A dart slug (D:1)
  2 endoplasms (D:1)
  2 giant cockroaches (D:1)
  3 hobgoblins (D:1)
  2 quokkas (D:1)
  3 kobolds (D:1)
  5 rats (D:1)
18 creatures vanquished.

Notes
Turn   | Place    | Note
-------+----------+-------------------------------------------
     0 | D:1      | Exodus22XD the Minotaur Fighter began the quest for the
                  | Orb.
     0 | D:1      | Reached XP level 1. HP: 19/19 MP: 0/0
   240 | D:1      | Found Conoefeh's Antique Armour Emporium.
   277 | D:1      | Reached XP level 2. HP: 22/27 MP: 1/1
   383 | D:1      | Found Muanudu's Book Emporium.
   394 | D:1      | Found Dub Ocop's Antique Weapon Shoppe.
   497 | D:1      | Found a faded altar of an unknown god.
   527 | D:1      | Prayed at the altar of an unknown god.
   527 | D:1      | Became a worshipper of Qazlal Stormbringer
   527 | D:1      | Reached * piety under Qazlal
   528 | D:1      | Quit the game

Illustrated notes

Levels and vault maps discovered:
D:1:      dpeg_arrival_rhombus, layout_rooms, serial_shops,
          nicolae_shop_advertising_works [nicolae_subvault_shop_adworks],
          nicolae_shop_stone, nicolae_diamond_shop,
          hellmonk_ecumenical_altar_inner_sanctum, minmay_rat_gold_closets

Skill      XL: |  1  2 |
---------------+-------+-----
Armour         | 4 |  4.0
Shields        | 4 |  4.0
Fighting       | 4 |  4.0
Axes           | |  2.7

Action                   || total
-------------------------++-------
Melee: War axe           ||    36
       Headbutt          ||     4
Armor: Scale mail        ||    12
Dodge: Dodged            ||    14
Block: Buckler           ||     3
